 Dungeon Crawl Stone Soup version 0.17-a0-1450-g7e755d1 (webtiles) character file.

126 Sirial the Stinger (level 5, -5/66 HPs)
             Began as a Naga Venom Mage on June 30, 2015.
             Was a Follower of Ru.
             Killed by divine providence
             ... invoked by an orc priest
              (15 damage)
             ... on level 3 of the Dungeon.
             The game lasted 00:19:22 (2672 turns).

Sirial the Stinger (Naga Venom Mage)                Turns: 2672, Time: 00:19:22

Health: -5/66      AC: 22    Str: 10    XL:     5   Next: 9%
Magic:  1/8        EV:  1    Int: 15    God:    Ru [*.....]
Gold:   120        SH:  0    Dex: 13    Spells: 2 memorised, 5 levels left

rFire  . . .     SeeInvis +     h - -1 dagger (curse)
rCold  . . .     Clarity  .     (armour currently unavailable)
rNeg   + + +     SustAt   .     (no shield)
rPois  +         Gourm    .     (helmet currently unavailable)
rElec  .         Spirit   .     (cloak currently unavailable)
rCorr  .         Warding  .     (gloves currently unavailable)
rMut   .         NoTele   +     (no barding)
MR     .....                    (no amulet)
Stlth  +++.......               (no ring)
                                (no ring)

@: short of breath, tree-form (expiring), very slightly contaminated, not
resistant to hostile enchantments, fairly stealthy
A: see invisible, (deformed body), (poison resistance), (slowness 0), slow
metabolism 1, spit poison 2, missing an eye, AC +1
a: Spit Poison, Renounce Religion


You were on level 3 of the Dungeon.
You worshipped Ru.
Ru was aware of your devotion.
You were not hungry.
You were a tree.
You visited 1 branch of the dungeon, and saw 3 of its levels.

You collected 120 gold pieces.

Inventory:

Hand weapons
 h - a cursed -1 dagger (weapon)
 i - a +3 short sword of venom
Missiles
 d - 6 tomahawks (quivered)
Armour
 a - a +1 robe (melded)
 e - a +0 robe
 g - a +2 helmet (melded)
Jewellery
 l - a +5 ring of intelligence {unknown}
Books
 b - a Young Poisoner's Handbook

   Spells                             Type                      Level
   a - Sting                          Conjuration/Poison           1
   b - Cure Poison                    Poison                       2
   c - Mephitic Cloud                 Conjuration/Poison/Air       3
   d - Olgreb's Toxic Radiance        Poison                       4
   e - Venom Bolt                     Conjuration/Poison           5
Comestibles
 c - a bread ration
 k - a meat ration


   Skills:
 + Level 1.0 Fighting
 + Level 0.2 Short Blades
 + Level 2.3 Dodging
 + Level 3.2 Stealth
 + Level 0.4 Unarmed Combat
 + Level 2.5 Spellcasting
 + Level 1.5 Conjurations
 + Level 6.4 Poison Magic


You had 5 spell levels left.
You knew the following spells:

 Your Spells              Type           Power        Failure   Level  Hunger
a - Sting                 Conj/Pois      ##..         4%          1    #......
b - Mephitic Cloud        Conj/Pois/Air  #.......     24%         3    ###....


Dungeon Overview and Level Annotations

Branches:
Dungeon (3/15)

Altars:
Ashenzari
Ru

Annotations:
D:3 Sirial's ghost, average DsMo


Innate Abilities, Weirdness & Mutations

You cannot wear boots.
((Your serpentine skin is tough (AC +1).))
You have supernaturally acute eyesight.
((Armour fits poorly on your strangely shaped body.))
((Your system is resistant to poisons.))
((You cover ground very slowly.))
You have a slow metabolism.
You can spit poison.
You are missing an eye, making it more difficult to aim.


Message History

The orc wizard casts a spell at you. The magic dart hits you!
The orc priest hits you.
* * * LOW HITPOINT WARNING * * *
You have got your breath back.
The orc wizard hits you but does no damage.
The orc priest hits you.
* * * LOW HITPOINT WARNING * * *
The orc wizard hits you but does no damage.
Use which ability? (? or * to list)
Press: ? - help, Shift-Dir - straight line, f/p - orc priest
Aim: an orc priest, wearing a chain mail (lightly wounded)
The splash of poison hits the orc priest.
The orc priest is poisoned.
The orc priest is moderately wounded.
You feel slightly more hungry. The orc wizard casts a spell at you.
You resist with some effort.
The orc priest calls down the wrath of Beogh upon you.
Something smites you!
You die...

#########
#.......#
#.#####.#
#.#####.########
#.##......)..o.#
#.##.##.######♣#
#.##.##.# #o#
#.......# #)#
####.#### #.#
#.# #). #.# ...
####.######.
####
#...........
#.##....####


You could see an orc priest and an orc wizard.

Vanquished Creatures
  An adder (D:3)
  A gnoll (D:1)
  2 oozes
  3 worms (D:2)
  6 giant geckos
  5 orcs
  6 bats
  4 giant cockroaches
  7 goblins
  9 hobgoblins
  8 jackals
  2 quokkas (D:2)
  2 ball pythons (D:1)
  5 giant newts
  5 kobolds
  9 rats
75 creatures vanquished.

Vanquished Creatures (others)
  A bat (D:3)
  A goblin (D:3)
2 creatures vanquished.

Grand Total: 77 creatures vanquished

Notes
Turn   | Place    | Note
--------------------------------------------------------------
     0 | D:1      | Sirial the Naga Venom Mage began the quest for the Orb.
     0 | D:1      | Reached XP level 1. HP: 15/15 MP: 3/3
   171 | D:1      | Reached XP level 2. HP: 20/22 MP: 0/5
   407 | D:1      | HP: 1/22 [ooze (1)]
   412 | D:1      | Reached skill level 6 in Poison Magic
   542 | D:1      | Reached XP level 3. HP: 10/30 MP: 1/6
   587 | D:1      | Learned a level 3 spell: Mephitic Cloud
  1246 | D:2      | Reached skill level 1 in Conjurations
  1276 | D:2      | Found a shattered altar of Ashenzari.
  1394 | D:2      | Reached XP level 4. HP: 17/37 MP: 0/7
  1994 | D:2      | Found a faded altar to an unknown god.
  2001 | D:2      | Became a worshipper of Ru the Awakened
  2002 | D:2      | Gained mutation: You are missing an eye, making it more difficult to aim. [Ru sacrifice]
  2002 | D:2      | Acquired Ru's first power
  2137 | D:2      | Reached skill level 1 in Fighting
  2207 | D:3      | Noticed Sirial's ghost (average DsMo)
  2587 | D:3      | Reached XP level 5. HP: 9/44 MP: 2/8
  2672 | D:3      | Killed from afar by an orc priest

Vault maps used:
D:1:      dpeg_arrival_stone_temple_mockup
D:2:      ecumenical_altar_1, first_bread, grunt_decor_cap, st_stairs_6,
          nicolae_ashenzari_panopticon

Action                   |  1- 3 |  4- 6 || total
-------------------------+-------+-------++-------
Melee: Unarmed           |    30 |    58 ||    88
       Dagger            |       |    28 ||    28
 Cast: Sting             |    62 |    95 ||   157
       Mephitic Cloud    |     1 |       ||     1
Invok: Sacrifice an Eye  |       |     1 ||     1
 Abil: Spit Poison       |    15 |    25 ||    40
  Use: Potion            |     2 |     4 ||     6
       Scroll            |       |     9 ||     9
 Stab: Distracted        |       |     1 ||     1
       Sleeping          |       |     1 ||     1
  Eat: Bread ration      |     1 |     2 ||     3
